Map: Ascension to Aiur LE

Players

Lambo - Winner!

  • Race: Zerg Zerg
  • League: Grandmaster
  • Spawn Location: 5:00

LiquidMaNa (MaNa)

  • Race: Protoss Protoss
  • League: Master
  • Spawn Location: 11:00

Event: HomeStory Cup XVI

VOD

Have the link to the VOD?

Description

Time

  • Played on: Nov. 9, 2017, 12:30 p.m.
  • Length: 14:31

All games in this series

Show
View Real Time Build Order
Export as new Build Order

Lambo Zerg - Winner!

Build Orders: Hatch First 

Get SALT Encoding   

  12  0:00  Drone  
  13  0:12  Overlord  
  13  0:17  Drone  
  14  0:30  Drone x2  
  14  0:35  Drone  
  17  0:51  Hatchery  
  17  0:55  Drone  
  17  0:59  Drone  
  18  1:08  Extractor  
  17  1:13  Spawning Pool  
  17  1:16  Drone  
  17  1:19  Drone  
  18  1:29  Drone  
  19  1:39  Overlord  
  19  1:49  Drone  
  20  2:00  Queen  
  20  2:01  Zergling x2  
  23  2:02  Queen  
  23  2:03  Zergling x2  
  23  2:08  Metabolic Boost  
  26  2:10  Drone  
  26  2:14  Drone  
  28  2:22  Drone  
  29  2:25  Drone  
  30  2:37  Hatchery  
  30  2:40  Drone  
  30  2:45  Pneumatized Carapace  
  30  2:47  Drone  
  31  2:52  Overlord  
  31  2:55  Drone  
  32  3:01  Drone x2  
  32  3:04  Drone  
  35  3:07  Drone  
  35  3:11  Drone  
  35  3:12  Drone x2  
  39  3:16  Drone  
  39  3:19  Queen  
  42  3:22  Drone  
  42  3:23  Drone  
  44  3:33  Spore Crawler x2  
  42  3:34  Overlord  
  42  3:39  Drone  
  42  3:40  Drone  
  44  3:46  Evolution Chamber, Drone  
  44  3:53  Drone x2  
  46  3:55  Drone  
  46  3:56  Queen  
  46  4:01  Overlord  
  49  4:03  Drone x2  
  49  4:06  Overlord  
  51  4:12  Drone x3  
  51  4:14  Zerg Missile Weapons Level 1  
  51  4:15  Spore Crawler  
  53  4:17  Overlord, Drone  
  53  4:20  Drone  
  53  4:23  Zergling x4  
  57  4:28  Zergling x4  
  57  4:29  Drone  
  59  4:32  Drone x2  
  59  4:37  Drone x2  
  62  4:42  Drone  
  62  4:43  Spore Crawler  
  62  4:47  Drone x2  
  62  4:49  Lair  
  62  4:52  Queen  
  64  4:54  Drone x3  
  64  4:59  Extractor, Baneling Nest  
  66  5:01  Overlord  
  66  5:02  Drone  
  67  5:08  Drone x3  
  67  5:13  Drone  
  71  5:15  Drone x2  
  71  5:20  Drone x4  
  77  5:24  Overlord  
  77  5:25  Drone x3  
  77  5:26  Extractor x2  
  77  5:27  Extractor  
  77  5:28  Overlord  
  77  5:29  Extractor  
  77  5:30  Drone  
  77  5:31  Overlord  
  77  5:33  Drone  
  77  5:39  Drone x2  
  77  5:41  Hatchery  
  78  5:46  Drone x4  
  82  5:50  Hydralisk Den  
  81  5:57  Zergling x4  
  81  5:58  Zergling x6  
  81  6:00  Centrifical Hooks  
  86  6:04  Drone x2  
  86  6:10  Overseer  
  88  6:12  Zerg Missile Weapons Level 2  
  88  6:17  Overlord  
  88  6:19  Overlord  
  88  6:22  Hydralisk x6  
  99  6:28  Baneling x3  
  99  6:30  Overlord  
  101  6:33  Overlord  
  101  6:39  Drone x3  
  103  6:40  Drone x3  
  105  6:49  Drone x4  
  105  6:50  Hatchery  
  105  6:54  Overlord  
  108  6:57  Queen  
  108  6:58  Hydralisk x4  
  117  7:04  Overlord  
  117  7:07  Hydralisk x2  
  117  7:08  Hydralisk  
  123  7:12  Hydralisk x2  
  123  7:15  Hydralisk x2  
  125  7:18  Hydralisk  
  125  7:19  Zergling x2  
  125  7:20  Zergling x2  
  125  7:22  Hydralisk  
  128  7:25  Hydralisk  
  128  7:27  Zergling x2  
  123  7:33  Hydralisk x2  
  126  7:39  Hydralisk x2  
  126  7:43  Hydralisk x2  
  128  7:47  Hydralisk  
  134  7:53  Hydralisk x3  
  140  8:00  Hydralisk x2  
  140  8:01  Zergling x4  
  137  8:06  Queen, Muscular Augments  
  139  8:13  Infestation Pit  
  139  8:19  Drone x2  
  140  8:20  Drone x2  
  140  8:25  Drone x3  
  145  8:28  Hatchery  
  145  8:29  Extractor, Zerg Melee Weapons Level 1  
  145  8:30  Extractor  
  145  8:31  Drone  
  145  8:32  Evolution Chamber, Drone  
  143  8:38  Drone x3  
  146  8:47  Overlord x2  
  146  8:48  Overlord x2  
  145  8:53  Hive  
  145  8:56  Spire  
  145  8:59  Drone x3  
  145  9:00  Drone  
  145  9:01  Drone x2  
  150  9:11  Zergling x8  
  150  9:12  Zergling x4  
  156  9:27  Zergling x16  
  156  9:29  Overlord  
  156  9:31  Overlord  
  164  9:33  Overlord  
  164  9:34  Overlord  
  164  9:37  Zergling x8  
  163  9:52  Overlord  
  162  9:54  Hatchery  
  162  9:56  Zergling x14  
  166  10:05  Zerg Missile Weapons Level 3  
  166  10:07  Zergling x4  
  166  10:08  Hydralisk x3  
  166  10:09  Hydralisk  
  176  10:15  Greater Spire  
  176  10:16  Zergling x10  
  181  10:30  Hydralisk x3, Zergling x8  
  181  10:32  Baneling x8  
  181  10:33  Baneling x3  
  191  10:36  Baneling x3  
  191  10:44  Hydralisk, Zergling x10  
  197  10:59  Overlord  
  197  11:02  Baneling x6  
  197  11:04  Overlord  
  197  11:09  Overlord  
  197  11:16  Overlord  
  194  11:20  Baneling x4  
  194  11:23  Hydralisk x6  
  194  11:24  Zergling x8  
  191  11:25  Hydralisk  
  191  11:26  Hydralisk x6  
  191  11:27  Zergling x10  
  191  11:29  Hydralisk x5  
  191  11:31  Hydralisk  
  188  11:33  Hydralisk  
  188  11:35  Hydralisk  
  188  11:38  Hydralisk x2  
  190  11:41  Hydralisk  
  190  11:42  Zergling x2  
  190  11:45  Hydralisk, Zergling x2  
  190  11:46  Zergling x2  
  181  11:48  Hydralisk  
  181  11:49  Zergling x2  
  181  11:54  Corruptor x2  
  176  12:00  Corruptor x2  
  184  12:04  Corruptor  
  184  12:08  Corruptor  
  184  12:11  Queen  
  184  12:13  Zerg Flyer Weapons Level 1  
  181  12:23  Corruptor x2  
  185  12:42  Brood Lord x2, Pathogen Glands  
  189  12:45  Brood Lord x2  
  189  12:50  Brood Lord  
  195  12:55  Brood Lord  
  199  13:13  Brood Lord  
  197  13:34  Overseer x2  
  197  13:43  Hydralisk  
  197  13:50  Hydralisk  
  197  13:53  Hydralisk x7  
  197  13:54  Hydralisk  
  195  13:59  Hydralisk x5  
  195  14:02  Hydralisk x8  
  199  14:12  Zergling x4  
  184  14:24  Extractor  
  184  14:25  Extractor  
Show
View Real Time Build Order
Export as new Build Order

LiquidMaNa Protoss 

Build Orders: 1 Gate Expand, Oracle Opening, Archon Immortal, Zealot Archon 

Get SALT Encoding   

  12  0:02  Probe (Chrono Boost)  
  14  0:14  Probe (Chrono Boost)  
  14  0:19  Pylon  
  14  0:26  Probe (Chrono Boost)  
  15  0:33  Probe (Chrono Boost)  
  15  0:40  Probe (Chrono Boost)  
  16  0:44  Gateway  
  17  0:51  Assimilator  
  17  0:53  Probe (Chrono Boost)  
  18  0:59  Probe (Chrono Boost)  
  19  1:07  Probe (Chrono Boost)  
  20  1:25  Nexus  
  20  1:36  Cybernetics Core  
  21  1:40  Probe (Chrono Boost)  
  21  1:43  Assimilator  
  21  1:52  Probe (Chrono Boost)  
  22  1:54  Pylon  
  22  2:04  Probe (Chrono Boost)  
  23  2:13  Warp Gate  
  24  2:16  Probe (Chrono Boost)  
  24  2:17  Stargate  
  24  2:27  Stalker  
  24  2:28  Probe (Chrono Boost)  
  27  2:34  Probe (Chrono Boost)  
  27  2:35  Probe (Chrono Boost)  
  27  2:41  Probe (Chrono Boost)  
  27  2:42  Probe (Chrono Boost)  
  31  2:53  Oracle, Probe (Chrono Boost)  
  31  2:54  Probe (Chrono Boost)  
  31  2:57  Adept  
  35  3:05  Probe (Chrono Boost)  
  40  3:07  Probe (Chrono Boost)  
  40  3:11  Pylon  
  40  3:17  Probe (Chrono Boost)  
  40  3:19  Probe (Chrono Boost)  
  42  3:24  Adept  
  42  3:26  Gateway  
  44  3:29  Probe (Chrono Boost)  
  44  3:31  Probe (Chrono Boost)  
  47  3:41  Probe (Chrono Boost)  
  47  3:43  Probe (Chrono Boost)  
  47  3:44  Pylon  
  48  3:53  Void Ray  
  48  3:54  Probe (Chrono Boost)  
  48  3:55  Probe (Chrono Boost)  
  54  3:56  Pylon  
  54  4:06  Probe (Chrono Boost)  
  54  4:07  Probe (Chrono Boost)  
  57  4:18  Probe (Chrono Boost)  
  57  4:19  Probe (Chrono Boost)  
  57  4:21  Nexus  
  58  4:30  Probe (Chrono Boost)  
  60  4:31  Probe (Chrono Boost)  
  60  4:42  Probe (Chrono Boost)  
  60  4:43  Probe (Chrono Boost)  
  60  4:44  Pylon  
  57  4:47  Forge, Twilight Council  
  57  4:49  Robotics Facility  
  57  4:50  Oracle  
  61  4:54  Probe (Chrono Boost)  
  61  4:55  Adept, Probe (Chrono Boost)  
  61  4:56  Adept  
  64  5:00  Assimilator  
  64  5:04  Assimilator  
  64  5:06  Probe (Chrono Boost), Protoss Ground Weapons Level 1  
  66  5:07  Shield Battery  
  66  5:08  Probe (Chrono Boost)  
  66  5:12  Charge  
  66  5:18  Probe (Chrono Boost)  
  66  5:20  Probe (Chrono Boost)  
  68  5:22  Pylon  
  68  5:26  Warp Prism  
  68  5:28  Gateway  
  68  5:29  Gateway  
  68  5:30  Gateway  
  69  5:36  Probe (Chrono Boost), Pylon  
  71  5:48  Gateway  
  71  5:50  Gateway  
  71  5:55  Warp Prism  
  71  6:03  Templar Archives  
  73  6:07  Probe x3 (Chrono Boost)  
  73  6:09  Gateway  
  73  6:10  Pylon  
  76  6:24  Probe (Chrono Boost)  
  76  6:25  Probe x2 (Chrono Boost)  
  79  6:28  Zealot x5  
  79  6:31  Assimilator  
  79  6:32  Assimilator  
  89  6:34  Pylon  
  89  6:37  Probe x2 (Chrono Boost)  
  91  6:41  Protoss Ground Weapons Level 2  
  91  6:49  High Templar x3  
  91  6:50  High Templar, Zealot  
  101  6:56  Archon x2  
  101  7:09  Zealot x3  
  101  7:11  Zealot  
  107  7:23  Zealot x4  
  107  7:24  Immortal  
  107  7:29  Psionic Storm  
  113  7:35  Zealot x4  
  121  7:37  Zealot x2  
  121  7:38  Zealot x2  
  121  7:42  Probe x2 (Chrono Boost)  
  121  7:45  High Templar  
  121  7:46  High Templar, Pylon  
  121  7:47  Pylon  
  121  7:48  Pylon  
  125  7:54  Warp Prism  
  127  8:10  High Templar x4  
  132  8:18  Zealot x3, Sentry  
  140  8:22  Nexus  
  140  8:25  Probe x2 (Chrono Boost)  
  140  8:26  Protoss Ground Weapons Level 3, Immortal, Pylon  
  143  8:27  Probe (Chrono Boost), Pylon  
  143  8:32  Shield Battery  
  143  8:33  Shield Battery  
  143  8:35  Shield Battery  
  143  8:36  Shield Battery  
  143  8:40  Robotics Facility  
  147  9:01  Zealot x8  
  163  9:05  Pylon  
  163  9:10  Pylon  
  163  9:12  Shield Battery  
  163  9:13  Pylon  
  163  9:30  High Templar x2  
  163  9:31  High Templar x2  
  169  9:32  Immortal  
  169  9:34  Immortal  
  173  9:49  Archon x2  
  169  9:54  Forge  
  164  10:01  High Templar, Probe x3 (Chrono Boost)  
  164  10:03  Photon Cannon  
  164  10:06  Photon Cannon, Shield Battery  
  166  10:08  Shield Battery  
  166  10:09  Photon Cannon, High Templar x2  
  166  10:11  Assimilator x2, Pylon  
  166  10:12  Protoss Ground Armor Level 1, Observer  
  166  10:14  Probe x2 (Chrono Boost)  
  173  10:17  Archon  
  173  10:26  Observer  
  174  10:34  Photon Cannon  
  174  10:47  Zealot x8  
  188  11:07  High Templar x4  
  188  11:09  High Templar x2  
  200  11:13  Archon x2  
  200  11:14  Archon  
  168  11:27  Zealot x2  
  147  11:36  Immortal  
  135  11:41  Zealot x6  
  135  11:44  Immortal  
  135  11:46  Archon  
  149  11:49  Zealot x2  
  131  11:55  Protoss Ground Armor Level 2  
  131  11:56  High Templar x2  
  121  12:03  Fleet Beacon  
  121  12:05  Zealot x6  
  131  12:14  Immortal  
  115  12:16  Stargate  
  115  12:17  Stargate  
  115  12:23  Photon Cannon  
  115  12:24  Immortal  
  115  12:25  Photon Cannon  
  115  12:26  Tempest  
  115  12:27  Shield Battery  
  119  12:30  Sentry  
  119  12:33  Protoss Air Weapons Level 1  
  121  12:42  Tempest  
  121  12:43  Tempest, Photon Cannon  
  119  12:46  Photon Cannon  
  119  12:49  Shield Battery  
  125  12:51  Shield Battery  
  125  12:52  Warp Prism  
  125  12:53  Zealot x3  
  145  13:07  Tempest  
  145  13:09  High Templar x2  
  145  13:10  High Templar x2, Zealot  
  155  13:13  Archon  
  155  13:14  Archon  
  155  13:15  Pylon  
  155  13:30  Tempest  
  155  13:32  Zealot x3  
  155  13:33  Zealot  
  169  13:42  Tempest  
  164  13:55  Zealot x3  
  164  13:56  Zealot x3  
  164  13:59  Zealot  
  136  14:17  High Templar x2, Zealot x2  
  136  14:18  Zealot x2  
Tags
 
Add a new tag
Caveats
  • Supply blocks, unpowered buildings, or Contaminate may cause inaccurate times.
  • Supply counts are checked every 10 seconds.